 Dungeon Crawl Stone Soup version 0.26-a0-682-g294304f6e8 (webtiles) character file.

Game seed: 14487867947056573737

20 Aramant the Skirmisher (level 2, -2/27 HPs)
             Began as a Minotaur Fighter on Oct 21, 2020.
             Slain by a worker ant (4 damage)
             ... on level 4 of the Dungeon.
             The game lasted 00:02:24 (384 turns).

Aramant the Skirmisher (Minotaur Fighter)            Turns: 384, Time: 00:02:24

Health: -2/27      AC:  7    Str: 20    XL:     2   Next: 58%
Magic:  1/1        EV:  7    Int: 11    God:
Gold:   10         SH:  9    Dex:  9    Spells: 1/1 levels left

rFire    . . .     SeeInvis .   a - +0 flail
rCold    . . .     Faith    .   c - +0 kite shield
rNeg     . . .     Spirit   .   b - +0 scale mail
rPois    .         Reflect  .   (helmet restricted)
rElec    .         Harm     .   (no cloak)
rCorr    .         Rampage  .   (no gloves)
MR       .....                  (no boots)
Stlth    ..........             (no amulet)
HPRegen  0.09/turn              g - +6 ring of intelligence
MPRegen  0.07/turn              (no ring)

@: lethally poisoned (-2 -> -7)
A: retaliatory headbutt, horns 2
a: no special abilities


You were on level 4 of the Dungeon.
You visited 1 branch of the dungeon, and saw 4 of its levels.

You collected 10 gold pieces.

Inventory:

Hand Weapons
 a - a +0 flail (weapon)
Armour
 b - a +0 scale mail (worn)
 c - a +0 kite shield (worn)
Jewellery
 g - a +6 ring of intelligence (left hand)
 i - an uncursed ring of magical power {unknown}
Scrolls
 f - a scroll of blinking {unknown}
Potions
 d - a potion of might
 e - a potion of stabbing {unknown}


   Skills:
 + Level 4.2 Fighting
 + Level 2.4 Maces & Flails
 + Level 4.0 Armour
 + Level 3.9 Shields


You had one spell level left.
You didn't know any spells.
Your spell library was empty.

Dungeon Overview and Level Annotations

Branches:
Dungeon (4/15)
 Temple: D:4-7

Altars:
Elyvilon


Innate Abilities, Weirdness & Mutations

You reflexively headbutt those who attack you in melee.
You have a pair of horns on your head.


Message History

The worker ant bites you but does no damage.
Unknown command.
* * * LOW HITPOINT WARNING * * *
You feel sick.
* * * LOW HITPOINT WARNING * * *
You feel sick.
* * * LOW HITPOINT WARNING * * *
You feel sick.
* * * LOW HITPOINT WARNING * * *
You feel sick. You block the worker ant's attack.
Found a war axe.
* * * LOW HITPOINT WARNING * * *
You feel sick.
* * * LOW HITPOINT WARNING * * *
You feel sick. The centaur skeleton barely misses you.
Okay, then.
Unknown command.
* * * LOW HITPOINT WARNING * * *
You feel sick. The worker ant bites you.
You die...

#......J.....#
#.####.####J.#
##.....##..# .
#.......#..#
#.#.......#J.#
#....._......#
#.#.......#..#
...#....ZB.#.##
.. ##...@.##.#
###.####.# ...
..# #.## #)#
... .# .## .


You could see a worker ant, an ooze and a centaur skeleton.

Vanquished Creatures
  An adder (D:2)
  2 leopard geckos (D:4)
  A goblin (D:1)
  2 hobgoblins
  2 kobolds
8 creatures vanquished.

Notes
Turn   | Place    | Note
-------+----------+-------------------------------------------
     0 | D:1      | Aramant the Minotaur Fighter began the quest for the Orb.
     0 | D:1      | Reached XP level 1. HP: 19/19 MP: 0/0
    58 | D:2      | Reached XP level 2. HP: 27/27 MP: 1/1
   363 | D:4      | Found a white marble altar of Elyvilon.
   384 | D:4      | Slain by a worker ant

Illustrated notes

Levels and vault maps discovered:
D:1:      doesnt_arrival_eight_statues, layout_loops_cross
D:2:      layout_loops_corners
D:3:      layout_basic, uniq_sigmund
D:4:      layout_loops_ring, old_standard_altar, uniq_ijyb

Skill      XL: |  1  2 |
---------------+-------+-----
Fighting       | 4 |  4.2
Armour         | 4 |  4.0
Maces & Flails | |  2.4
Shields        | |  3.9

Action                   || total
-------------------------++-------
Melee: Flail             ||    28
       Headbutt          ||     4
  Use: Scroll            ||     2
Armor: Scale mail        ||    23
Dodge: Dodged            ||     5
Block: Kite shield       ||    16

Table legend: (Time is in decaauts)
 A = Elapsed time spent in this place.
 B = Non-inter-level travel time spent in this place.
 C = Inter-level travel time spent in this place.
 D = Time resting spent in this place.
 E = Time spent auto-exploring this place.
 F = Levels seen in this place.
 G = Mean time per level.
                   A        B        C        D        E       F      G
               +--------+--------+--------+--------+--------+-----+--------+
         Total |    392 |    392 |      0 |      0 |    257 |   4 |   98.0 |
       Dungeon |    392 |    392 |      0 |      0 |    257 |   4 |   98.0 |
               +--------+--------+--------+--------+--------+-----+--------+

Top non-repeatable levels by time:
     D:3: 211 daAuts
     D:2: 88 daAuts
     D:4: 59 daAuts
     D:1: 34 daAuts
